AoeStats
← 739697286

Lombardia

509871150Analyzed
4v4 RM · 5d ago on Sep 28, 2026· 105m 59s· 8 players
Game mode
Random Map
Map size
Large (8 player)
Population
200
Speed
Normal
Resources
Standard
Victory
Conquest
Starting age
Dark Age
Ending age
Imperial Age
RankedLock teamsTeams togetherTeam positionsShared explorationLock speedFull tech treeHidden civsTurbo modeCheats
Victory
Defeat
🇹🇼 Magyars · Taiwan
1557
+12
🇹🇼 Persians · Taiwan
1390
+19
🇭🇺 Slavs · Hungary
1378
+19
🇩🇪 Danes · Germany
1369
+21
🇨🇭 Byzantines · Switzerland
1471
-18
🇨🇳 Mongols · China
1469
-18
🇨🇳 Cumans · China
1458
-18
🇨🇳 Saxons · China
1439
-17
_IKK_伯乐
8:32 Loom
10:30 Feudal Age
11:59 Town Watch
13:38 Double-Bit Axe
15:57 Castle Age
14:05 Horse Collar
16:51 Bow Saw
17:59 Wheelbarrow
21:59 Fletching
23:37 Heavy Plow
23:27 Gold Mining
24:49 Bodkin Arrow
25:40 Padded Archer Armor
26:46 Leather Archer Armor
27:50 Husbandry
28:01 Bloodlines
29:44 Gold Shaft Mining
28:59 Stone Mining
32:00 Imperial Age
29:48 Hand Cart
30:01 Leather Archer Armor
30:18 Thumb Ring
31:10 Town Patrol
31:36 Ballistics
31:50 Treadmill Crane
32:48 Bracer
33:49 Two-Man Saw
33:20 Crop Rotation
33:53 Chemistry
33:57 Ring Archer Armor
33:31 Caravan
34:14 Conscription
33:29 Clerical Recruitment
34:11 Cranequins
35:50 Guilds
35:02 Shield Wall
35:48 Heavy Mounted Crossbowman
36:55 Siege Engineers
37:16 Forging
37:06 Scale Mail Armor
37:17 Guard Tower
37:46 Masonry
37:49 Scale Barding Armor
37:45 Pikeman
38:26 Squires
38:11 Arson
37:47 Elite Varangian Guard
38:13 Gambesons
39:05 Iron Casting
39:02 Chain Mail Armor
38:21 Sappers
38:28 Halberdier
39:46 Chain Barding Armor
40:32 Coinage
41:44 Hoardings
41:46 Sanctity
41:27 Atonement
42:12 Plate Mail Armor
42:28 Keep
42:14 Cavalier
42:15 Light Cavalry
44:04 Architecture
43:45 Fortified Wall
43:20 Arrowslits
43:22 Elite Hearth Troop
45:44 Banking
45:15 Murder Holes
46:20 Heresy
46:01 Devotion
46:11 Redemption
46:17 Block Printing
47:13 Faith
47:29 Theocracy
47:20 Illumination
49:07 Herbal Medicine
52:14 Elite Skirmisher
54:56 Hussar
61:19 Man-at-Arms
61:27 Onager
61:29 Heavy Scorpion
61:31 Capped Ram
70:30 Siege Ram
Zlap
7:16 Loom
11:08 Feudal Age
14:44 Castle Age
12:55 Horse Collar
14:27 Double-Bit Axe
15:59 Bow Saw
18:53 Loom
21:34 Wheelbarrow
24:38 Hand Cart
24:46 Gold Mining
28:59 Imperial Age
26:41 Scale Barding Armor
26:45 Fletching
27:26 Forging
27:26 Heavy Plow
27:35 Stone Mining
28:08 Chain Barding Armor
27:35 Treadmill Crane
28:19 Husbandry
29:35 Iron Casting
30:28 Conscription
32:21 Two-Man Saw
31:57 Crop Rotation
32:43 Gold Shaft Mining
33:12 Caravan
33:53 Logistica
34:19 Chain Barding Armor
34:26 Guilds
34:31 Elite Cataphract
35:46 Hoardings
36:11 Hoardings
36:23 Stone Shaft Mining
36:51 Ballistics
37:31 Chemistry
36:27 Murder Holes
37:22 Plate Barding Armor
38:04 Bodkin Arrow
38:21 Fortified Wall
40:41 Scale Mail Armor
40:41 Bracer
40:06 Pikeman
40:46 Squires
40:32 Arson
41:29 Redemption
41:30 Fervor
41:35 Block Printing
41:46 Illumination
41:52 Chain Mail Armor
42:23 Sanctity
41:40 Halberdier
43:00 Greek Fire
43:23 Bombard Tower
44:41 Plate Mail Armor
45:56 Theocracy
45:42 Heresy
46:57 Coinage
47:28 Capped Ram
50:04 Banking
51:06 Siege Ram
60:07 Heavy Camel Rider
67:21 Padded Archer Armor
76:07 Leather Archer Armor
83:12 Ring Archer Armor
94:33 Elite Skirmisher
94:50 Cavalier
95:43 Elite Varangian Guard
96:31 Paladin
苏东坡的粉丝
3:00 Loom
11:08 Feudal Age
13:09 Double-Bit Axe
14:59 Fletching
18:28 Padded Archer Armor
24:06 Castle Age
22:16 Gold Mining
22:11 Horse Collar
22:25 Gold Mining
24:24 Wheelbarrow
23:43 Stone Mining
24:52 Bodkin Arrow
24:19 Crossbowman
26:22 Leather Archer Armor
29:03 Wheelbarrow
29:54 Ballistics
32:05 Hand Cart
32:27 Gold Shaft Mining
34:00 Bloodlines
38:29 Imperial Age
37:17 Caravan
37:54 Thumb Ring
39:46 Conscription
41:03 Chemistry
40:37 Ring Archer Armor
40:18 Elite Kipchak
42:15 Hoardings
42:05 Bow Saw
42:12 Masonry
42:32 Murder Holes
44:00 Two-Man Saw
43:19 Cuman Mercenaries
44:22 Steppe Husbandry
45:50 Guilds
48:14 Elite Skirmisher
51:11 Parthian Tactics
51:20 Forging
51:16 Scale Barding Armor
51:03 Elite Skirmisher
52:50 Light Cavalry
54:14 Hussar
59:20 Parthian Tactics
59:57 Coinage
59:35 Elite Steppe Lancer
62:47 Heavy Cavalry Archer
74:05 Chain Barding Armor
74:46 Iron Casting
75:41 Plate Barding Armor
76:32 Iron Casting
77:29 Banking
78:45 Blast Furnace
739697286
9:02 Feudal Age
8:00 Loom
9:26 Loom
9:52 Double-Bit Axe
10:38 Horse Collar
18:21 Wheelbarrow
21:33 Gold Mining
25:40 Castle Age
23:54 Stone Mining
26:11 Bloodlines
31:35 Imperial Age
29:45 Fletching
29:59 Padded Archer Armor
30:35 Bow Saw
31:05 Gold Shaft Mining
30:29 Bodkin Arrow
32:25 Bracer
32:40 Leather Archer Armor
32:25 Bracer
32:40 Leather Archer Armor
32:26 Bracer
32:41 Leather Archer Armor
32:44 Hand Cart
35:57 Caravan
36:47 Conscription
37:30 Heavy Plow
39:22 Elite Mangudai
45:06 Chemistry
44:27 Ballistics
48:08 Forging
48:03 Scale Barding Armor
48:08 Forging
48:03 Scale Barding Armor
53:01 Hoardings
53:18 Husbandry
53:42 Thumb Ring
52:58 Elite Skirmisher
54:41 Pikeman
55:22 Squires
55:50 Masonry
56:36 Light Cavalry
57:27 Bloodlines
63:33 Onager
66:42 Heavy Cavalry Archer
67:48 Parthian Tactics
67:54 Parthian Tactics
68:21 Capped Ram
70:36 Drill
70:34 Siege Ram
72:55 Coinage
75:51 Siege Onager
101:04 Hussar
Uporcpine
6:21 Loom
9:12 Feudal Age
11:26 Double-Bit Axe
15:19 Horse Collar
17:07 Bloodlines
17:30 Scale Barding Armor
21:22 Castle Age
20:09 Forging
21:47 Light Cavalry
22:57 Chain Barding Armor
23:00 Bow Saw
22:55 Heavy Plow
24:17 Wheelbarrow
24:37 Husbandry
26:31 Hand Cart
32:40 Imperial Age
30:40 Detinets
30:39 Gold Mining
30:39 Stone Mining
30:39 Town Watch
31:42 Iron Casting
32:40 Fletching
33:49 Conscription
34:06 Plate Barding Armor
37:47 Hoardings
37:29 Masonry
37:41 Ballistics
38:26 Blast Furnace
37:47 Hussar
39:17 Town Patrol
40:14 Bodkin Arrow
40:08 Elite Boyar
43:19 Scale Mail Armor
44:58 Gold Shaft Mining
45:23 Druzhina
44:46 Pikeman
45:26 Squires
45:43 Chain Mail Armor
45:32 Caravan
46:33 Halberdier
59:25 Chemistry
58:32 Siege Engineers
58:59 Plate Mail Armor
62:21 Murder Holes
63:33 Devotion
65:34 Capped Ram
68:33 Siege Ram
72:00 Crop Rotation
72:40 Two-Man Saw
74:38 Fortified Wall
81:13 Heavy Scorpion
92:46 Cavalier
菜就怪隊友
6:44 Loom
7:33 Loom
10:35 Feudal Age
11:14 Double-Bit Axe
12:20 Horse Collar
16:53 Bloodlines
17:53 Wheelbarrow
18:07 Scale Barding Armor
21:18 Castle Age
21:23 Light Cavalry
22:45 Chain Barding Armor
23:37 Bow Saw
24:09 Heavy Plow
27:02 Gold Mining
28:56 Fletching
35:32 Imperial Age
33:16 Padded Archer Armor
34:04 Ballistics
33:49 Bodkin Arrow
34:22 Thumb Ring
35:01 Leather Archer Armor
34:39 Town Watch
36:10 Hand Cart
36:18 Bracer
37:08 Parthian Tactics
37:31 Ring Archer Armor
38:31 Chemistry
38:36 Crop Rotation
39:25 Two-Man Saw
38:44 Husbandry
40:03 Heavy Cavalry Archer
41:08 Conscription
40:48 Recurve Bow
41:45 Caravan
46:13 Elite Skirmisher
47:32 Elite Magyar Huszar
48:13 Corvinian Army
50:03 Plate Barding Armor
56:04 Coinage
58:58 Banking
58:14 Crossbowman
59:43 Town Patrol
76:10 Capped Ram
St. Arnulf of Metz
9:22 Feudal Age
9:50 Double-Bit Axe
9:47 Horse Collar
9:30 Man-at-Arms
10:41 Arson
22:09 Castle Age
21:36 Forging
21:27 Scale Mail Armor
23:09 Bow Saw
23:09 Heavy Plow
23:30 Squires
22:51 Long Swordsman
23:16 Gambesons
22:52 Pikeman
25:26 Fletching
25:47 Padded Archer Armor
28:17 Gold Mining
28:18 Stone Mining
28:21 Gold Mining
29:45 Wheelbarrow
28:55 Town Watch
31:09 Thumb Ring
30:25 Elite Skirmisher
31:25 Chain Mail Armor
31:05 Bodkin Arrow
31:46 Iron Casting
31:27 Hamask
32:51 Gold Shaft Mining
35:37 Imperial Age
32:53 Loom
34:14 Hand Cart
37:13 Stone Shaft Mining
37:39 Conscription
37:33 Siege Engineers
37:52 Ballistics
38:23 Onager
38:27 Northmen's Fury
40:52 Chemistry
40:05 Masonry
41:02 Elite Jomsviking
42:59 Hoardings
42:27 Siege Onager
47:16 Caravan
52:56 Plate Mail Armor
53:26 Blast Furnace
52:13 Halberdier
57:00 Bracer
57:15 Leather Archer Armor
56:24 Elite Skirmisher
57:09 Thumb Ring
61:06 Arrowslits
61:17 Murder Holes
61:56 Ring Archer Armor
71:08 Capped Ram
73:52 Siege Ram
TW_彰化人
9:06 Loom
11:38 Feudal Age
14:57 Double-Bit Axe
14:53 Horse Collar
20:37 Castle Age
19:57 Gold Mining
23:40 Wheelbarrow
26:36 Stone Mining
27:18 Bow Saw
31:28 Imperial Age
30:10 Heavy Plow
33:33 Scale Barding Armor
34:29 Conscription
34:46 Chain Barding Armor
35:05 Forging
35:53 Elite War Elephant
37:43 Plate Barding Armor
37:45 Hand Cart
38:27 Iron Casting
38:01 Husbandry
38:12 Bloodlines
39:24 Crop Rotation
41:21 Gold Shaft Mining
41:47 Two-Man Saw
40:55 Caravan
43:46 Town Watch
44:48 Light Cavalry
48:17 Blast Furnace
48:28 Kamandaran
48:23 Fletching
48:33 Padded Archer Armor
48:55 Ballistics
48:21 Hussar
50:16 Chemistry
49:36 Thumb Ring
48:52 Crossbowman
49:52 Bodkin Arrow
61:25 Leather Archer Armor
61:55 Capped Ram
62:54 Siege Ram
64:27 Citadels
66:51 Ring Archer Armor
72:33 Elite Skirmisher
80:15 Cavalier
85:11 Savar
Connection lost

Rejoining the realm…

Still unreachable

The connection could not be restored.

Session expired

The server has moved on; the page needs a fresh start.